 Dungeon Crawl Stone Soup version 0.30.1-3-gfc49f6343a (webtiles) character file.

Game seed: 6180196096388196460

442 KyoPewz the Cudgeller (level 7, -2/66 HPs)
             Began as an Ogre Gladiator on July 30, 2023.
             Slain by an orc
             ... wielding a +0 falchion
              (7 damage)
             ... on level 5 of the Dungeon.
             The game lasted 00:05:10 (4905 turns).

KyoPewz the Cudgeller (Ogre Gladiator)              Turns: 4905, Time: 00:05:11

Health: -2/66      AC:  3    Str: 21    XL:     7   Next: 2%
Magic:  2/2        EV: 10    Int: 15    God:
Gold:   306        SH:  0    Dex: 10    Spells: 6/6 levels left

rFire   + . .        A - +4 flail (antimagic)
rCold   . . .        (no shield)
rNeg    . . .        b - +0 robe
rPois   .            c - +0 hat
rElec   .            (no cloak)
rCorr   .            (gloves unavailable)
SInv    .            (boots unavailable)
Will    .....        p - amulet of the acrobat
Stlth   +            F - ring of protection from fire
HPRegen 0.31/turn    i - +6 ring of intelligence
MPRegen 0.08/turn

%: acrobat
@: no status effects
A: large, unfitting armour, tough skin 1
a: no special abilities


You were on level 5 of the Dungeon.
You visited 1 branch of the dungeon, and saw 5 of its levels.

You collected 306 gold pieces.

Inventory:

Hand Weapons
 A - a +4 antimagic flail (weapon)
Missiles
 d - a throwing net (quivered)
 e - a large rock
 g - 25 stones
 j - 9 boomerangs
 x - 3 javelins
Armour
 b - a +0 robe (worn)
 c - a +0 hat (worn)
Jewellery
 i - a +6 ring of intelligence (right hand)
 p - an amulet of the acrobat (around neck)
 F - a ring of protection from fire (left hand)
Scrolls
 a - a scroll of fear {unknown}
 h - 4 scrolls of identify {unknown}
 l - 2 scrolls of fog {unknown}
 m - 4 scrolls of teleportation {unknown}
 o - 2 scrolls of poison {unknown}
 r - 2 scrolls of torment {unknown}
 s - 2 scrolls of immolation {unknown}
 u - a scroll of amnesia {unknown}
 y - a scroll of blinking {unknown}
Potions
 f - a potion of brilliance {unknown}
 k - 2 potions of lignification {unknown}
 n - 2 potions of flight {unknown}
 q - 3 potions of curing
 t - a potion of experience {unknown}
 v - a potion of invisibility {unknown}
 w - 2 potions of cancellation {unknown}
 z - 2 potions of attraction {unknown}
 B - a potion of heal wounds {unknown}
 C - a potion of mutation {unknown}


   Skills:
 - Level 2.6 Fighting
 * Level 5.9 Maces & Flails
 + Level 4.4 Throwing
 - Level 2.6 Dodging


You had 6 spell levels left.
You didn't know any spells.
Your spell library contained the following spells:

 Spells                   Type           Power      Damage    Failure   Level
 Kiss of Death            Conj/Necr      0%         2d5       26%         1
 Sandblast                Erth           0%         2d4       26%         1
 Cigotuvi's Dreadful Rot  Necr/Pois/Air  0%         N/A       38%         2
 Passwall                 Tmut/Erth      0%         N/A       38%         2
 Scorch                   Fire           0%         2d5       38%         2
 Confusing Touch          Hex            0%         N/A       63%         3
 Ignite Poison            Fire/Tmut/Pois 0%         N/A       63%         3
 Stone Arrow              Conj/Erth      0%         3d7       63%         3
 Dispel Undead            Necr           0%         3d6       95%         4
 Flame Wave               Conj/Fire      0%         2d4       95%         4
 Freezing Cloud           Conj/Ice/Air   0%         6-21      100%        5
 Summon Cactus Giant      Summ           0%         N/A       100%        6


Dungeon Overview and Level Annotations

Branches:
Dungeon (5/15)
 Temple: D:4-7

Altars:

Shops:
D:2 :


Innate Abilities, Weirdness & Mutations

You are too large for most types of armour.
You have tough skin. (AC +1)


Message History

The sleepcap releases spores at you.
You take 6 damage, and have 28/59 hp.
You hit the sleepcap.
The sleepcap is severely damaged.
The sleepcap barely misses you.
You hit the sleepcap.
The sleepcap is almost destroyed.
The sleepcap closely misses you.
You hit the sleepcap.
The sleepcap is almost destroyed.
The sleepcap releases spores at you.
You are engulfed in a cloud of soporific spores!
You fall asleep.
The sleepcap releases spores at you!!
You wake up.
* * * LOW HITPOINT WARNING * * *
You are engulfed in a cloud of soporific spores!
You are unaffected.
You take 19 damage, and have 10/59 hp.
MASSIVE DAMAGE!!
You sock the sleepcap!
You destroy the sleepcap!
You have reached level 7!
You barely miss the orc. The orc closely misses you.
You closely miss the orc. The orc hits you with a +0 falchion.
* * * LOW HITPOINT WARNING * * *
You take 2 damage, and have 10/66 hp.
Unknown command.
Throw: 5 javelins
Press: ? - help, Shift-Dir - straight line You throw a javelin.
The javelin barely misses the orc.
The javelin completely misses the iguana.
The orc hits you but does no damage. The orc hits you with a +0 falchion.
* * * LOW HITPOINT WARNING * * *
You take 6 damage, and have 4/66 hp.
Throw: 4 javelins
Press: ? - help, Shift-Dir - straight line You throw a javelin.
The javelin pierces through the orc.
The orc is heavily wounded.
The javelin barely misses the iguana.
The orc hits you with a +0 falchion!
You die...

##........##.#
####..........#.##
#................#
..#............#.#
...............#.#
..##..........##.#
........#....###.#
# ..###..##.####
#.# .#.
#..###........##@#
.... .....
.........#o##.....
####..
#.###..l....... ..
#.....>.##..<.. .
............... #
........?..#### #
###..##....# . ##.
#(#..8. ..
........


You could see an iguana and an orc.

Vanquished Creatures
  Edmund (D:5)
  A howler monkey (D:3)
  A hound (D:4)
  A sleepcap (D:5)
  4 iguanas
  Robin (D:3)
  5 adders
  2 worms
  2 dart slugs (D:4)
  4 bats (D:1)
  6 endoplasms
  3 giant cockroaches
  7 hobgoblins
  7 jackals
  3 quokkas
  7 ball pythons
  13 goblins
  A kobold (D:3)
  5 rats
74 creatures vanquished.

Notes
Turn   | Place    | Note
-------+----------+-------------------------------------------
     0 | D:1      | KyoPewz the Ogre Gladiator began the quest for the Orb.
     0 | D:1      | Reached XP level 1. HP: 22/22 MP: 1/1
   375 | D:1      | Reached skill level 3 in Maces & Flails
   404 | D:1      | Reached XP level 2. HP: 29/29 MP: 2/2
  1311 | D:2      | Reached XP level 3. HP: 36/36 MP: 3/3
  1476 | D:2      | Found Bugew's Book Shop.
  2044 | D:3      | Noticed Robin
  2049 | D:3      | Reached XP level 4. HP: 7/44 MP: 4/4
  2058 | D:3      | Killed Robin
  2059 | D:3      | Reached skill level 4 in Maces & Flails
  2246 | D:3      | Reached XP level 5. HP: 27/50 MP: 5/5
  3497 | D:4      | Reached skill level 5 in Maces & Flails
  3716 | D:4      | Reached XP level 6. HP: 25/59 MP: 6/6
  4422 | D:5      | Entered Level 5 of the Dungeon
  4444 | D:5      | Noticed Edmund
  4469 | D:5      | Killed Edmund
  4902 | D:5      | Reached XP level 7. HP: 11/66 MP: 2/7
  4905 | D:5      | Slain by an orc

Illustrated notes

Levels and vault maps discovered:
D:1:      minmay_arrival_semitransparent, layout_basic, serial_forest,
          infiniplex_forest_clump_small, infiniplex_forest_fountain,
          infiniplex_forest_lined_2, infiniplex_forest_clump_curved,
          infiniplex_forest_straight_3, infiniplex_forest_clump_small,
          infiniplex_forest_zigzag_1
D:2:      layout_basic, serial_shops, shop
D:3:      layout_rooms, uniq_robin
D:4:      layout_layer_cave, minivault_4, grunt_ministairs_7
D:5:      layout_rooms, minitemple, minmay_temple_entry_arrows, uniq_eustachio,
          uniq_edmund

Skill      XL: |  1  2  3  4  5  6 |
---------------+-------------------+-----
Maces & Flails | 3 4 5 |  5.9
Throwing       | 3 4 |  4.4
Fighting       | |  2.6
Dodging        | |  2.6

Action                     |  1- 3 |  4- 6 |  7- 9 || total
---------------------------+-------+-------+-------++-------
  Melee: Flail             |   112 |   160 |     2 ||   274
         Punch             |     2 |     3 |       ||     5
  Throw: Large rock        |       |     2 |       ||     2
         Throwing net      |       |     2 |       ||     2
         Javelin           |       |       |     2 ||     2
    Use: Potion            |       |     1 |       ||     1
   Stab: Sleeping          |     1 |     1 |       ||     2
         Held in net/web   |       |     1 |       ||     1
 Armour: Robe              |    52 |    20 |     1 ||    73
  Dodge: Dodged            |    76 |   100 |     1 ||   177
